[ AOE2 MATCH · #484284293 ]
UnrankedBulgarians vs Cumans
[ REPLAY ANALYSIS · EXTRACTED FROM THE RECORDED GAME ]
Feudal
14:31
Castle
26:21
Imperial
—
| APM avg | 17.8 |
| APM peak | 33 |
| eAPM avg | 10.1 |
| Villagers / military | 81 / 85 |
Focus
⚔️ 24.5% · 🌾 75.5%
Militia ×36 · Skirmisher ×33 · Konnik ×8 · Fishing Ship ×8 · Battering Ram ×4 · Mangonel ×2
Feudal
15:39
Castle
21:47
Imperial
—
| APM avg | 17.3 |
| APM peak | 41 |
| eAPM avg | 8.5 |
| Villagers / military | 88 / 80 |
Focus
⚔️ 24.3% · 🌾 75.7%
Cavalry Archer ×40 · Samurai ×33 · Fishing Ship ×18 · Battering Ram ×6 · Knight ×1
Feudal
16:22
Castle
24:28
Imperial
—
| APM avg | 23.0 |
| APM peak | 59 |
| eAPM avg | 12.4 |
| Villagers / military | 123 / 91 |
Focus
⚔️ 28.2% · 🌾 71.8%
Kipchak ×82 · Fishing Ship ×45 · Galley ×9
Feudal
14:35
Castle
28:10
Imperial
44:16
| APM avg | 13.4 |
| APM peak | 34 |
| eAPM avg | 9.7 |
| Villagers / military | 66 / 93 |
Focus
⚔️ 39.3% · 🌾 60.7%
Militia ×73 · Spearman ×11 · Battering Ram ×9 · Fishing Ship ×8
Feudal
15:01
Castle
20:05
Imperial
—
| APM avg | 24.0 |
| APM peak | 75 |
| eAPM avg | 13.4 |
| Villagers / military | 91 / 80 |
Focus
⚔️ 27.0% · 🌾 73.0%
Cavalry Archer ×58 · Magyar Huszar ×11 · Skirmisher ×4 · Scout Cavalry ×4 · Spearman ×2 · Knight ×1
Feudal
15:15
Castle
27:39
Imperial
37:00
| APM avg | 19.2 |
| APM peak | 70 |
| eAPM avg | 5.9 |
| Villagers / military | 89 / 42 |
Focus
⚔️ 16.9% · 🌾 83.1%
Tarkan ×28 · Scout Cavalry ×14
Match map
Initial resources + every placement click. Lines = walls · curves = elevation contours. ◆ gold · ⬟ stone · ● berries · ✦ relic · ◌ wall gap
Your base· Open — 14t gap
AnArKy's base· Open — 15t gap
LocalFukBoy's base· Open — unwalled flank
Reeaal Badman's base· Open — 6t gap
PsyQuart's base· Open — 4t gap
mmustafaozturkk34's base· Open — 13t gap
Smoothed initial terrain · ◌ = detected wall gap · hover for details
Inputs per minute
— EDD - - AnArKy
Build order — EDD
First 150 of 222 actions detected
| 1:12 | Build | Town Center |
| 1:24 | Build | Dock |
| 1:26 | Build | House |
| 1:28 | Build | House |
| 3:46 | Create | Villager (Male) |
| 3:46 | Create | Villager (Male) |
| 3:46 | Create | Villager (Male) |
| 3:47 | Create | Villager (Male) |
| 5:10 | Create | Villager (Male) |
| 5:15 | Create | Fishing Ship |
| 5:56 | Create | Fishing Ship |
| 6:10 | Research | Loom |
| 6:31 | Create | Villager (Male) |
| 6:50 | Create | Fishing Ship |
| 7:09 | Create | Villager (Male) |
| 7:29 | Create | Villager (Male) |
| 7:47 | Create | Fishing Ship |
| 7:56 | Create | Villager (Male) |
| 8:04 | Build | House |
| 8:12 | Create | Villager (Male) |
| 8:42 | Create | Villager (Male) |
| 9:02 | Build | Mill |
| 9:04 | Create | Villager (Male) |
| 9:14 | Build | House |
| 9:30 | Create | Villager (Male) |
| 10:09 | Create | Villager (Male) |
| 10:41 | Create | Villager (Male) |
| 10:57 | Create | Villager (Male) |
| 11:10 | Create | Villager (Male) |
| 11:12 | Create | Villager (Male) |
| 11:53 | Research | Feudal Age |
| 12:15 | Create | Villager (Male) |
| 12:43 | Build | House |
| 13:39 | Build | Dock |
| 13:43 | Build | House |
| 13:58 | Build | Barracks |
| 14:31 | Age | Feudal Age |
| 14:49 | Create | Villager (Male) |
| 14:52 | Create | Fishing Ship |
| 15:16 | Build | Mining Camp |
| 15:25 | Create | Villager (Male) |
| 15:26 | Create | Villager (Male) |
| 15:31 | Create | Militia |
| 15:32 | Create | Militia |
| 15:44 | Build | House |
| 16:01 | Build | Lumber Camp |
| 16:05 | Create | Villager (Male) |
| 16:14 | Create | Militia |
| 16:15 | Create | Militia |
| 16:22 | Create | Villager (Male) |
| 16:40 | Create | Fishing Ship |
| 17:38 | Create | Villager (Male) |
| 17:39 | Create | Villager (Male) |
| 17:41 | Create | Militia |
| 17:42 | Create | Militia |
| 18:24 | Build | Lumber Camp |
| 18:29 | Build | House |
| 18:49 | Create | Villager (Male) |
| 18:50 | Create | Villager (Male) |
| 18:50 | Create | Villager (Male) |
| 19:17 | Create | Militia |
| 19:17 | Create | Militia |
| 19:18 | Create | Villager (Male) |
| 19:18 | Create | Villager (Male) |
| 19:25 | Build | Barracks |
| 19:33 | Build | Blacksmith |
| 19:40 | Build | Market |
| 19:50 | Create | Villager (Male) |
| 19:53 | Research | Arson |
| 19:54 | Create | Militia |
| 20:08 | Create | Villager (Male) |
| 20:23 | Build | Mining Camp |
| 20:29 | Create | Militia ×5 |
| 20:36 | Build | House |
| 20:37 | Build | House |
| 20:58 | Build | House |
| 21:00 | Build | House |
| 21:02 | Create | Villager (Male) |
| 21:02 | Create | Villager (Male) |
| 21:57 | Create | Villager (Male) |
| 22:00 | Create | Militia |
| 22:00 | Create | Militia |
| 22:03 | Build | House |
| 22:07 | Build | House |
| 22:19 | Build | Mill |
| 22:31 | Build | Watch Tower |
| 22:52 | Research | Forging |
| 22:53 | Research | Scale Mail Armor |
| 23:14 | Build | Mining Camp |
| 23:16 | Create | Villager (Male) |
| 23:16 | Create | Villager (Male) |
| 23:21 | Research | Castle Age |
| 23:59 | Create | Fishing Ship |
| 24:00 | Create | Fishing Ship |
| 24:05 | Research | Tech 906 |
| 25:16 | Build | Dock |
| 25:31 | Build | Watch Tower |
| 25:43 | Create | Villager (Male) |
| 25:44 | Create | Villager (Male) |
| 25:55 | Create | Militia ×5 |
| 26:13 | Build | Farm |
| 26:14 | Build | Farm |
| 26:14 | Build | Farm |
| 26:21 | Age | Castle Age |
| 26:57 | Create | Militia ×5 |
| 27:00 | Research | Iron Casting |
| 27:01 | Research | Chain Mail Armor |
| 27:16 | Build | Siege Workshop |
| 27:22 | Create | Villager (Male) |
| 27:22 | Create | Villager (Male) |
| 27:34 | Build | Mill |
| 27:51 | Create | Villager (Male) |
| 27:51 | Create | Villager (Male) |
| 28:10 | Create | Villager (Male) |
| 28:10 | Create | Villager (Male) |
| 28:22 | Create | Battering Ram |
| 28:22 | Create | Battering Ram |
| 28:36 | Build | Mining Camp |
| 28:45 | Create | Battering Ram |
| 29:10 | Create | Villager (Male) |
| 29:22 | Build | Mining Camp |
| 29:34 | Build | House |
| 29:35 | Build | House |
| 29:37 | Build | House |
| 30:55 | Create | Militia ×5 |
| 30:56 | Create | Militia ×5 |
| 31:19 | Build | Archery Range |
| 31:20 | Build | Archery Range |
| 31:22 | Build | Archery Range |
| 31:24 | Build | Archery Range |
| 31:26 | Create | Villager (Male) |
| 31:26 | Create | Villager (Male) |
| 31:29 | Create | Villager (Male) |
| 31:39 | Build | Lumber Camp |
| 32:05 | Create | Battering Ram |
| 32:22 | Create | Mangonel |
| 32:23 | Create | Mangonel |
| 32:28 | Research | Elite Skirmisher (upgrade) |
| 32:50 | Build | Castle |
| 33:13 | Research | Fletching |
| 33:31 | Create | Villager (Male) |
| 33:31 | Create | Villager (Male) |
| 33:54 | Create | Skirmisher ×5 |
| 33:55 | Create | Skirmisher ×5 |
| 33:55 | Create | Skirmisher ×4 |
| 35:01 | Build | Archery Range |
| 35:16 | Create | Skirmisher ×5 |
| 35:37 | Create | Skirmisher ×5 |
| 35:42 | Research | Bodkin Arrow |
| 35:43 | Create | Villager (Male) |
Build order — AnArKy
First 150 of 163 actions detected
| 0:42 | Build | Town Center |
| 3:00 | Build | Dock |
| 3:13 | Build | House |
| 3:17 | Build | House |
| 3:22 | Research | Loom |
| 3:23 | Create | Villager (Male) ×4 |
| 5:11 | Create | Villager (Male) |
| 5:49 | Create | Villager (Male) |
| 6:08 | Create | Villager (Male) |
| 6:38 | Create | Villager (Male) |
| 7:05 | Create | Villager (Male) |
| 7:09 | Create | Fishing Ship |
| 7:33 | Build | House |
| 7:35 | Build | House |
| 7:39 | Create | Villager (Male) |
| 7:39 | Create | Villager (Male) |
| 8:11 | Create | Villager (Male) |
| 8:11 | Create | Villager (Male) |
| 8:18 | Create | Fishing Ship |
| 8:46 | Create | Villager (Male) |
| 8:46 | Create | Villager (Male) |
| 9:03 | Create | Fishing Ship |
| 9:03 | Create | Fishing Ship |
| 9:21 | Create | Villager (Male) |
| 9:21 | Create | Villager (Male) |
| 9:22 | Create | Villager (Male) |
| 9:44 | Create | Villager (Male) |
| 9:44 | Create | Villager (Male) |
| 9:48 | Create | Fishing Ship |
| 10:45 | Build | House |
| 10:49 | Build | House |
| 10:55 | Create | Villager (Male) ×5 |
| 10:55 | Create | Villager (Male) ×5 |
| 11:17 | Create | Villager (Male) |
| 11:23 | Create | Fishing Ship |
| 11:24 | Create | Fishing Ship |
| 12:31 | Build | Dock |
| 12:42 | Build | Lumber Camp |
| 13:04 | Build | Lumber Camp |
| 13:20 | Create | Fishing Ship |
| 13:29 | Research | Feudal Age |
| 13:39 | Create | Fishing Ship |
| 13:39 | Create | Fishing Ship |
| 14:04 | Build | Mill |
| 14:50 | Create | Villager (Male) ×5 |
| 15:19 | Create | Fishing Ship |
| 15:39 | Age | Feudal Age |
| 15:43 | Create | Villager (Male) |
| 15:45 | Research | Double-Bit Axe |
| 15:59 | Research | Horse Collar |
| 16:04 | Create | Villager (Male) |
| 16:11 | Build | Mining Camp |
| 16:17 | Research | Tech 906 |
| 16:34 | Build | House |
| 16:37 | Build | House |
| 16:39 | Build | House |
| 16:40 | Build | House |
| 17:47 | Build | Market |
| 17:53 | Build | Blacksmith |
| 18:30 | Research | Castle Age |
| 18:40 | Create | Fishing Ship |
| 18:41 | Create | Fishing Ship |
| 19:03 | Build | Farm |
| 19:03 | Build | Farm |
| 19:11 | Build | Farm |
| 19:11 | Build | Farm |
| 19:11 | Build | Farm |
| 19:12 | Build | Farm |
| 19:12 | Build | Farm |
| 19:13 | Build | Farm |
| 19:14 | Build | Farm |
| 20:15 | Research | Scale Mail Armor |
| 20:15 | Research | Forging |
| 20:30 | Build | Mining Camp |
| 20:36 | Research | Gold Mining |
| 21:16 | Research | Stone Mining |
| 21:47 | Age | Castle Age |
| 22:08 | Research | Bow Saw |
| 22:32 | Build | Town Center |
| 22:53 | Create | Villager (Male) ×5 |
| 23:13 | Build | Barracks |
| 23:38 | Create | Villager (Male) ×5 |
| 23:55 | Build | Stable |
| 24:01 | Create | Villager (Male) ×5 |
| 24:09 | Create | Fishing Ship |
| 24:09 | Create | Fishing Ship |
| 25:04 | Create | Villager (Male) ×5 |
| 25:09 | Research | Gold Shaft Mining |
| 25:11 | Research | Chain Mail Armor |
| 25:12 | Research | Iron Casting |
| 25:17 | Create | Knight |
| 25:31 | Create | Fishing Ship |
| 25:31 | Create | Fishing Ship |
| 25:38 | Create | Villager (Male) ×5 |
| 26:13 | Build | Castle |
| 26:27 | Create | Villager (Male) ×5 |
| 26:34 | Build | House |
| 26:37 | Build | House |
| 26:39 | Build | House |
| 26:59 | Build | Mining Camp |
| 27:05 | Create | Samurai ×5 |
| 27:29 | Create | Villager (Male) ×5 |
| 27:54 | Create | Villager (Male) |
| 27:54 | Create | Villager (Male) |
| 28:11 | Build | Archery Range |
| 28:14 | Build | Archery Range |
| 28:16 | Build | Archery Range |
| 28:19 | Build | Archery Range |
| 28:25 | Research | Husbandry |
| 28:25 | Research | Bloodlines |
| 28:29 | Research | Padded Archer Armor |
| 28:29 | Research | Fletching |
| 28:34 | Create | Villager (Male) ×5 |
| 28:57 | Build | Dock |
| 29:33 | Research | Thumb Ring |
| 30:08 | Create | Samurai ×5 |
| 30:27 | Build | University |
| 30:31 | Create | Fishing Ship |
| 30:38 | Create | Villager (Male) ×3 |
| 30:53 | Create | Cavalry Archer ×4 |
| 30:53 | Create | Cavalry Archer ×4 |
| 30:57 | Create | Cavalry Archer |
| 31:05 | Research | Leather Archer Armor |
| 31:09 | Build | House |
| 31:11 | Build | House |
| 31:12 | Build | House |
| 31:13 | Build | House |
| 31:14 | Build | House |
| 31:54 | Create | Cavalry Archer ×5 |
| 32:13 | Build | Castle |
| 32:28 | Build | Stone Wall |
| 32:43 | Create | Cavalry Archer ×5 |
| 32:53 | Build | Farm |
| 32:56 | Create | Villager (Male) ×5 |
| 33:08 | Research | Heavy Plow |
| 33:12 | Research | Bodkin Arrow |
| 33:16 | Create | Cavalry Archer ×5 |
| 33:36 | Build | Castle |
| 34:21 | Research | Ballistics |
| 35:21 | Build | Siege Workshop |
| 35:24 | Build | Siege Workshop |
| 35:34 | Create | Cavalry Archer ×5 |
| 35:34 | Create | Cavalry Archer |
| 37:10 | Build | Castle |
| 37:24 | Create | Cavalry Archer ×5 |
| 37:24 | Create | Cavalry Archer ×5 |
| 37:37 | Create | Battering Ram |
| 37:48 | Build | Lumber Camp |
| 38:04 | Create | Samurai ×4 |
| 38:19 | Research | Yasama |
Build order — LocalFukBoy
First 150 of 331 actions detected
| 0:58 | Build | Town Center |
| 1:12 | Build | Dock |
| 3:02 | Create | Villager (Male) |
| 3:02 | Create | Villager (Male) |
| 3:02 | Create | Villager (Male) |
| 3:02 | Create | Villager (Male) |
| 3:03 | Create | Villager (Male) |
| 3:03 | Create | Villager (Male) |
| 3:10 | Build | House |
| 4:11 | Create | Fishing Ship |
| 4:11 | Create | Fishing Ship |
| 4:58 | Build | House |
| 5:09 | Create | Fishing Ship |
| 5:35 | Create | Villager (Male) |
| 5:35 | Create | Villager (Male) |
| 5:35 | Create | Villager (Male) |
| 6:12 | Create | Fishing Ship |
| 6:12 | Create | Fishing Ship |
| 6:54 | Create | Villager (Male) |
| 6:54 | Create | Villager (Male) |
| 6:54 | Create | Villager (Male) |
| 6:59 | Create | Villager (Male) |
| 6:59 | Create | Villager (Male) |
| 6:59 | Create | Villager (Male) |
| 7:00 | Create | Villager (Male) |
| 7:00 | Create | Villager (Male) |
| 7:00 | Create | Villager (Male) |
| 7:00 | Create | Villager (Male) |
| 7:20 | Create | Villager (Male) |
| 7:21 | Create | Villager (Male) |
| 7:32 | Build | House |
| 7:49 | Create | Villager (Male) |
| 7:49 | Create | Villager (Male) |
| 7:49 | Create | Villager (Male) |
| 7:49 | Create | Villager (Male) |
| 8:23 | Create | Villager (Male) |
| 8:23 | Create | Villager (Male) |
| 8:28 | Create | Fishing Ship |
| 8:28 | Create | Fishing Ship |
| 8:53 | Create | Fishing Ship |
| 8:54 | Create | Fishing Ship |
| 8:54 | Create | Fishing Ship |
| 9:12 | Create | Villager (Male) |
| 9:12 | Create | Villager (Male) |
| 9:12 | Create | Villager (Male) |
| 9:13 | Create | Villager (Male) |
| 9:13 | Create | Villager (Male) |
| 9:13 | Create | Villager (Male) |
| 9:31 | Build | House |
| 9:37 | Create | Fishing Ship |
| 9:37 | Create | Fishing Ship |
| 10:05 | Create | Villager (Male) |
| 10:05 | Create | Villager (Male) |
| 10:12 | Build | Lumber Camp |
| 10:17 | Create | Villager (Male) |
| 10:17 | Create | Villager (Male) |
| 10:26 | Create | Fishing Ship |
| 10:26 | Create | Fishing Ship |
| 10:27 | Create | Fishing Ship |
| 11:07 | Build | Dock |
| 11:18 | Build | House |
| 11:25 | Build | House |
| 11:34 | Create | Fishing Ship |
| 11:34 | Create | Fishing Ship |
| 11:48 | Create | Fishing Ship |
| 11:48 | Create | Fishing Ship |
| 12:09 | Build | Lumber Camp |
| 12:25 | Build | House |
| 12:27 | Create | Fishing Ship |
| 12:27 | Create | Fishing Ship |
| 12:28 | Create | Fishing Ship |
| 12:52 | Create | Fishing Ship |
| 12:52 | Create | Fishing Ship |
| 12:57 | Create | Fishing Ship |
| 12:57 | Create | Fishing Ship |
| 13:20 | Build | Dock |
| 13:37 | Create | Fishing Ship |
| 13:37 | Create | Fishing Ship |
| 13:53 | Create | Fishing Ship |
| 13:53 | Create | Fishing Ship |
| 14:12 | Research | Feudal Age |
| 14:12 | Research | Feudal Age |
| 14:18 | Create | Fishing Ship |
| 14:19 | Create | Fishing Ship |
| 14:19 | Create | Fishing Ship |
| 14:19 | Create | Fishing Ship |
| 14:19 | Create | Fishing Ship |
| 14:27 | Build | House |
| 14:29 | Build | House |
| 14:45 | Build | Lumber Camp |
| 14:52 | Create | Villager (Male) |
| 14:52 | Create | Villager (Male) |
| 14:53 | Create | Villager (Male) |
| 14:53 | Create | Villager (Male) |
| 14:53 | Create | Villager (Male) |
| 15:09 | Build | Palisade Wall |
| 15:27 | Build | Palisade Wall |
| 15:37 | Build | Palisade Wall |
| 15:51 | Build | Palisade Wall |
| 15:56 | Build | Palisade Wall |
| 16:04 | Create | Fishing Ship |
| 16:04 | Create | Fishing Ship |
| 16:04 | Create | Fishing Ship |
| 16:04 | Create | Fishing Ship |
| 16:04 | Create | Fishing Ship |
| 16:04 | Create | Fishing Ship |
| 16:04 | Create | Fishing Ship |
| 16:04 | Create | Fishing Ship |
| 16:04 | Create | Fishing Ship |
| 16:05 | Create | Fishing Ship |
| 16:19 | Build | Mining Camp |
| 16:22 | Age | Feudal Age |
| 16:32 | Build | House |
| 17:01 | Research | Loom |
| 17:21 | Build | Palisade Wall |
| 17:26 | Build | House |
| 17:32 | Create | Villager (Male) |
| 17:32 | Create | Villager (Male) |
| 17:32 | Create | Villager (Male) |
| 17:33 | Create | Villager (Male) |
| 17:34 | Create | Villager (Male) |
| 17:34 | Create | Villager (Male) |
| 17:34 | Create | Villager (Male) |
| 17:56 | Create | Villager (Male) |
| 17:56 | Create | Villager (Male) |
| 19:27 | Build | Town Center |
| 19:36 | Build | Blacksmith |
| 19:39 | Build | Mill |
| 20:00 | Build | House |
| 20:02 | Build | House |
| 20:17 | Build | House |
| 21:01 | Build | Market |
| 21:16 | Create | Villager (Male) |
| 21:16 | Create | Villager (Male) |
| 21:16 | Create | Villager (Male) |
| 21:16 | Create | Villager (Male) |
| 21:16 | Create | Villager (Male) |
| 21:17 | Create | Villager (Male) |
| 21:17 | Create | Villager (Male) |
| 21:17 | Create | Villager (Male) |
| 21:17 | Create | Villager (Male) |
| 21:17 | Create | Villager (Male) |
| 21:17 | Create | Villager (Male) |
| 21:29 | Build | Palisade Wall |
| 21:48 | Research | Castle Age |
| 21:53 | Create | Villager (Male) |
| 21:53 | Create | Villager (Male) |
| 21:53 | Create | Villager (Male) |
| 21:54 | Create | Villager (Male) |
| 21:54 | Create | Villager (Male) |
Build order — Reeaal Badman
First 150 of 276 actions detected
| 0:38 | Build | Town Center |
| 1:14 | Build | Town Center |
| 2:13 | Build | House |
| 2:14 | Build | House |
| 3:19 | Research | Loom |
| 3:20 | Create | Villager (Male) |
| 3:20 | Create | Villager (Male) |
| 3:20 | Create | Villager (Male) |
| 3:20 | Create | Villager (Male) |
| 4:30 | Create | Villager (Male) |
| 5:02 | Build | Dock |
| 5:07 | Create | Villager (Male) |
| 5:54 | Create | Villager (Male) |
| 6:13 | Create | Villager (Male) |
| 6:38 | Create | Villager (Male) |
| 7:17 | Create | Villager (Male) |
| 7:31 | Build | House |
| 7:32 | Build | House |
| 7:34 | Create | Villager (Male) |
| 8:12 | Create | Villager (Male) |
| 8:15 | Create | Fishing Ship |
| 8:35 | Create | Fishing Ship |
| 8:40 | Create | Villager (Male) |
| 9:02 | Create | Villager (Male) |
| 9:02 | Create | Villager (Male) |
| 9:37 | Create | Villager (Male) |
| 9:56 | Build | Mill |
| 10:16 | Create | Villager (Male) |
| 10:28 | Create | Fishing Ship |
| 10:50 | Build | House |
| 10:55 | Build | House |
| 11:10 | Create | Villager (Male) |
| 11:10 | Create | Villager (Male) |
| 11:11 | Create | Villager (Male) |
| 11:35 | Build | Mule Cart |
| 11:40 | Create | Villager (Male) |
| 12:04 | Create | Fishing Ship |
| 12:20 | Research | Feudal Age |
| 12:48 | Build | Farm |
| 12:58 | Build | Farm |
| 13:30 | Create | Fishing Ship |
| 13:46 | Create | Fishing Ship |
| 14:27 | Create | Villager (Male) |
| 14:27 | Create | Villager (Male) |
| 14:27 | Create | Villager (Male) |
| 14:27 | Create | Villager (Male) |
| 14:35 | Age | Feudal Age |
| 14:37 | Research | Double-Bit Axe |
| 15:08 | Create | Fishing Ship |
| 15:11 | Create | Fishing Ship |
| 15:29 | Create | Villager (Male) |
| 15:29 | Create | Villager (Male) |
| 15:30 | Create | Villager (Male) |
| 15:38 | Build | House |
| 15:39 | Build | House |
| 15:42 | Build | House |
| 15:43 | Build | House |
| 16:00 | Create | Villager (Male) |
| 16:04 | Build | Farm |
| 16:11 | Build | Farm |
| 16:26 | Build | Farm |
| 16:42 | Build | Mule Cart |
| 17:12 | Build | Farm |
| 17:20 | Build | Farm |
| 17:28 | Create | Villager (Male) |
| 17:29 | Create | Villager (Male) |
| 17:42 | Build | Farm |
| 17:49 | Build | Farm |
| 18:32 | Build | Barracks |
| 18:37 | Create | Villager (Male) |
| 18:38 | Create | Villager (Male) |
| 18:38 | Create | Villager (Male) |
| 19:22 | Create | Villager (Male) |
| 19:22 | Create | Villager (Male) |
| 19:24 | Create | Villager (Male) |
| 19:32 | Build | Blacksmith |
| 19:36 | Build | House |
| 19:42 | Research | Man-at-Arms (upgrade) |
| 19:43 | Research | Arson |
| 19:52 | Build | Mule Cart |
| 20:13 | Build | House |
| 20:24 | Create | Spearman |
| 20:24 | Create | Spearman |
| 20:25 | Create | Spearman |
| 21:36 | Create | Villager (Male) |
| 21:37 | Create | Villager (Male) |
| 21:37 | Create | Villager (Male) |
| 21:37 | Create | Villager (Male) |
| 21:45 | Research | Gold Mining |
| 22:04 | Research | Tech 906 |
| 22:10 | Create | Spearman |
| 22:10 | Create | Spearman |
| 22:11 | Create | Spearman |
| 22:47 | Research | Pikeman (upgrade) |
| 22:55 | Build | Farm |
| 22:57 | Build | Farm |
| 22:58 | Build | Farm |
| 23:20 | Research | Scale Mail Armor |
| 23:20 | Research | Forging |
| 23:25 | Create | Villager (Male) |
| 23:25 | Create | Villager (Male) |
| 23:25 | Create | Villager (Male) |
| 23:26 | Create | Villager (Male) |
| 23:26 | Create | Villager (Male) |
| 23:41 | Build | House |
| 23:46 | Build | House |
| 23:47 | Build | House |
| 23:52 | Build | House |
| 23:59 | Create | Spearman |
| 23:59 | Create | Spearman |
| 24:00 | Create | Spearman |
| 24:00 | Create | Spearman |
| 24:00 | Create | Spearman |
| 24:05 | Build | Farm |
| 24:21 | Build | Stable |
| 24:32 | Build | House |
| 24:38 | Build | Farm |
| 24:50 | Build | Barracks |
| 24:59 | Build | Stone Wall |
| 25:11 | Build | Farm |
| 25:24 | Research | Horse Collar |
| 25:30 | Research | Castle Age |
| 25:43 | Build | Stone Wall |
| 25:53 | Research | Stone Mining |
| 26:11 | Research | Long Swordsman (upgrade) |
| 26:12 | Research | Arson |
| 26:42 | Build | Stone Wall |
| 26:51 | Build | Stone Wall |
| 27:08 | Build | Stone Wall |
| 27:20 | Build | Barracks |
| 27:25 | Create | Militia |
| 27:25 | Create | Militia |
| 27:25 | Create | Militia |
| 27:25 | Create | Militia |
| 27:25 | Create | Militia |
| 27:26 | Create | Militia |
| 27:26 | Create | Militia |
| 27:26 | Create | Militia |
| 27:26 | Create | Militia |
| 27:39 | Build | Gate |
| 28:10 | Age | Castle Age |
| 28:11 | Research | Heavy Plow |
| 28:18 | Research | Two-Handed Swordsman (upgrade) |
| 28:18 | Research | Gambesons |
| 28:19 | Research | Squires |
| 28:22 | Research | Chain Mail Armor |
| 28:23 | Research | Iron Casting |
| 28:39 | Build | Castle |
| 29:11 | Create | Villager (Male) |
| 29:11 | Create | Villager (Male) |
Build order — PsyQuart
First 150 of 235 actions detected
| 0:33 | Build | Town Center |
| 2:11 | Build | House |
| 2:24 | Build | House |
| 2:44 | Build | House |
| 3:11 | Create | Villager (Male) |
| 3:11 | Create | Villager (Male) |
| 3:11 | Create | Villager (Male) |
| 3:12 | Create | Villager (Male) |
| 3:12 | Create | Villager (Male) |
| 4:01 | Research | Loom |
| 4:07 | Build | House |
| 4:27 | Create | Villager (Male) |
| 4:29 | Create | Villager (Male) |
| 4:33 | Build | House |
| 4:59 | Create | Villager (Male) |
| 5:21 | Create | Villager (Male) |
| 5:31 | Create | Villager (Male) |
| 6:14 | Create | Villager (Male) |
| 6:14 | Create | Villager (Male) |
| 6:14 | Create | Villager (Male) |
| 6:48 | Build | House |
| 7:20 | Create | Villager (Male) |
| 7:27 | Build | Mill |
| 7:45 | Create | Villager (Male) |
| 8:40 | Create | Villager (Male) |
| 8:57 | Build | Lumber Camp |
| 9:08 | Create | Villager (Male) |
| 9:29 | Build | House |
| 9:31 | Create | Villager (Male) |
| 9:59 | Create | Villager (Male) |
| 10:02 | Build | House |
| 10:03 | Create | Villager (Male) |
| 10:40 | Build | House |
| 10:58 | Create | Villager (Male) |
| 11:22 | Create | Villager (Male) |
| 11:44 | Build | House |
| 11:49 | Create | Villager (Male) |
| 12:19 | Create | Villager (Male) |
| 12:23 | Build | Palisade Wall |
| 12:51 | Research | Feudal Age |
| 13:00 | Build | Barracks |
| 13:47 | Build | House |
| 13:58 | Build | Palisade Wall |
| 14:33 | Build | Mining Camp |
| 15:01 | Age | Feudal Age |
| 15:06 | Build | Market |
| 15:10 | Build | Blacksmith |
| 15:12 | Create | Villager (Male) |
| 15:30 | Build | Farm |
| 15:37 | Create | Villager (Male) |
| 15:49 | Build | Farm |
| 15:54 | Build | Farm |
| 15:57 | Build | Palisade Wall |
| 15:59 | Build | Palisade Wall |
| 16:06 | Create | Villager (Male) |
| 16:49 | Build | Stable |
| 16:52 | Create | Villager (Male) |
| 17:03 | Build | Palisade Wall |
| 17:25 | Research | Castle Age |
| 17:29 | Build | House |
| 17:30 | Build | House |
| 18:01 | Build | House |
| 18:12 | Build | Mining Camp |
| 18:45 | Create | Scout Cavalry |
| 18:45 | Create | Scout Cavalry |
| 18:46 | Create | Scout Cavalry |
| 18:57 | Create | Spearman |
| 18:57 | Create | Spearman |
| 19:00 | Research | Double-Bit Axe |
| 19:10 | Build | Farm |
| 19:11 | Build | Farm |
| 19:11 | Build | Farm |
| 19:19 | Build | Farm |
| 19:37 | Create | Villager (Male) |
| 20:05 | Age | Castle Age |
| 20:08 | Create | Scout Cavalry |
| 20:29 | Create | Villager (Male) |
| 20:41 | Build | Town Center |
| 21:01 | Create | Villager (Male) |
| 21:02 | Create | Villager (Male) |
| 21:16 | Create | Knight |
| 21:58 | Create | Villager (Male) |
| 22:34 | Create | Villager (Male) |
| 22:53 | Create | Villager (Male) |
| 23:05 | Build | Archery Range |
| 23:19 | Build | Castle |
| 23:20 | Create | Villager (Male) |
| 23:35 | Build | Lumber Camp |
| 23:37 | Create | Villager (Male) |
| 23:38 | Create | Villager (Male) |
| 23:56 | Build | Archery Range |
| 24:01 | Build | Farm |
| 24:04 | Build | Farm |
| 24:07 | Create | Villager (Male) |
| 24:27 | Create | Villager (Male) |
| 24:30 | Create | Cavalry Archer |
| 24:30 | Create | Cavalry Archer |
| 24:49 | Create | Villager (Male) |
| 24:50 | Create | Villager (Male) |
| 25:06 | Create | Cavalry Archer ×2 |
| 25:07 | Create | Cavalry Archer ×2 |
| 25:14 | Create | Villager (Male) |
| 25:24 | Build | Farm |
| 25:30 | Create | Villager (Male) |
| 25:46 | Create | Villager (Male) |
| 25:48 | Build | Farm |
| 26:13 | Create | Cavalry Archer ×3 |
| 26:21 | Create | Villager (Male) |
| 26:21 | Create | Villager (Male) |
| 26:33 | Build | House |
| 26:39 | Build | Gate |
| 26:41 | Create | Villager (Male) |
| 27:00 | Create | Villager (Male) |
| 27:09 | Build | Mining Camp |
| 27:26 | Build | Farm |
| 27:26 | Build | Farm |
| 27:26 | Build | Farm |
| 27:27 | Build | Farm |
| 27:41 | Build | Blacksmith |
| 27:55 | Create | Villager (Male) |
| 27:55 | Create | Villager (Male) |
| 28:02 | Create | Villager (Male) |
| 28:19 | Create | Skirmisher |
| 28:19 | Create | Skirmisher |
| 28:20 | Create | Skirmisher |
| 28:20 | Create | Skirmisher |
| 28:24 | Create | Cavalry Archer |
| 28:25 | Create | Cavalry Archer |
| 28:25 | Create | Cavalry Archer |
| 28:26 | Create | Cavalry Archer |
| 28:26 | Create | Cavalry Archer |
| 28:26 | Create | Cavalry Archer |
| 28:28 | Create | Villager (Male) |
| 28:29 | Create | Villager (Male) |
| 28:35 | Create | Villager (Male) |
| 29:04 | Build | House |
| 29:05 | Build | House |
| 29:11 | Build | Farm |
| 29:14 | Research | Town Watch |
| 29:41 | Research | Fletching |
| 29:48 | Build | University |
| 29:54 | Build | Lumber Camp |
| 30:10 | Create | Villager (Male) |
| 30:10 | Create | Villager (Male) |
| 30:41 | Create | Cavalry Archer ×5 |
| 30:42 | Create | Cavalry Archer ×4 |
| 30:49 | Create | Villager (Male) |
| 30:49 | Create | Villager (Male) |
| 30:53 | Build | Farm |
| 30:54 | Build | Farm |
Build order — mmustafaozturkk34
132 actions detected in the replay
| 1:37 | Build | Town Center |
| 3:30 | Create | Villager (Male) ×4 |
| 5:00 | Create | Villager (Male) |
| 5:12 | Create | Villager (Male) |
| 5:12 | Create | Villager (Male) |
| 6:05 | Create | Villager (Male) |
| 6:06 | Create | Villager (Male) |
| 6:06 | Create | Villager (Male) |
| 6:54 | Create | Villager (Male) ×3 |
| 7:31 | Create | Villager (Male) |
| 7:54 | Create | Villager (Male) |
| 8:39 | Build | Lumber Camp |
| 9:01 | Build | Barracks |
| 9:07 | Create | Villager (Male) |
| 9:07 | Create | Villager (Male) |
| 9:08 | Create | Villager (Male) |
| 9:08 | Create | Villager (Male) |
| 9:51 | Create | Villager (Male) ×3 |
| 11:46 | Build | Mining Camp |
| 11:59 | Create | Villager (Male) |
| 11:59 | Create | Villager (Male) |
| 13:05 | Research | Feudal Age |
| 15:15 | Age | Feudal Age |
| 15:24 | Create | Villager (Male) ×5 |
| 15:30 | Research | Double-Bit Axe |
| 16:03 | Build | Stable |
| 16:09 | Build | Blacksmith |
| 16:56 | Create | Villager (Male) |
| 16:56 | Create | Villager (Male) |
| 16:57 | Create | Villager (Male) |
| 16:57 | Create | Villager (Male) ×3 |
| 18:10 | Build | Mill |
| 18:50 | Create | Scout Cavalry |
| 18:50 | Create | Scout Cavalry |
| 18:51 | Create | Scout Cavalry |
| 18:55 | Create | Scout Cavalry |
| 19:18 | Build | Farm |
| 19:20 | Build | Farm |
| 19:21 | Build | Farm |
| 19:23 | Build | Farm |
| 19:27 | Build | Farm |
| 20:00 | Research | Scale Barding Armor |
| 20:04 | Research | Bloodlines |
| 20:26 | Create | Villager (Male) ×3 |
| 20:32 | Build | Farm |
| 20:34 | Build | Farm |
| 20:35 | Build | Farm |
| 20:36 | Build | Farm |
| 20:37 | Build | Farm |
| 20:53 | Create | Villager (Male) ×2 |
| 21:09 | Build | Farm |
| 21:11 | Build | Farm |
| 21:12 | Build | Farm |
| 21:14 | Build | Farm |
| 22:11 | Create | Villager (Male) ×5 |
| 23:39 | Build | Mining Camp |
| 23:50 | Build | Farm |
| 23:52 | Build | Farm |
| 23:53 | Build | Farm |
| 23:53 | Build | Farm |
| 23:54 | Build | Farm |
| 23:56 | Build | Farm |
| 24:21 | Build | Farm |
| 24:44 | Research | Horse Collar |
| 24:59 | Research | Castle Age |
| 26:00 | Create | Scout Cavalry ×5 |
| 26:55 | Build | Stable |
| 27:01 | Build | Stable |
| 27:04 | Build | Stable |
| 27:19 | Create | Scout Cavalry ×5 |
| 27:39 | Age | Castle Age |
| 27:42 | Create | Villager (Male) ×5 |
| 28:42 | Research | Bow Saw |
| 28:48 | Research | Heavy Plow |
| 28:50 | Research | Gold Mining |
| 28:50 | Research | Stone Mining |
| 29:01 | Build | Town Center |
| 29:18 | Research | Husbandry |
| 29:19 | Research | Light Cavalry (upgrade) |
| 29:27 | Research | Chain Barding Armor |
| 29:31 | Research | Forging |
| 29:51 | Build | Farm |
| 29:52 | Build | Farm |
| 29:54 | Build | Farm |
| 29:55 | Build | Farm |
| 30:11 | Build | Castle |
| 30:33 | Build | University |
| 30:38 | Create | Villager (Male) ×5 |
| 30:40 | Research | Wheelbarrow |
| 30:43 | Research | Loom |
| 30:44 | Create | Villager (Male) |
| 31:42 | Create | Villager (Male) |
| 31:45 | Create | Villager (Male) |
| 31:46 | Create | Villager (Male) |
| 31:46 | Create | Villager (Male) |
| 31:46 | Create | Villager (Male) |
| 31:46 | Create | Villager (Male) |
| 32:23 | Research | Marauders |
| 32:44 | Build | Farm |
| 32:46 | Build | Farm |
| 32:47 | Build | Farm |
| 32:49 | Build | Farm |
| 32:51 | Build | Farm |
| 33:20 | Build | Mining Camp |
| 33:41 | Research | Imperial Age |
| 34:05 | Build | Town Center |
| 34:19 | Create | Tarkan ×5 |
| 35:15 | Create | Tarkan ×5 |
| 35:16 | Create | Tarkan ×2 |
| 35:28 | Research | Masonry |
| 35:51 | Create | Villager (Male) ×5 |
| 36:07 | Research | Hand Cart |
| 37:00 | Age | Imperial Age |
| 37:12 | Create | Tarkan ×5 |
| 37:16 | Create | Villager (Male) ×5 |
| 37:18 | Create | Villager (Male) ×2 |
| 37:31 | Create | Villager (Male) ×5 |
| 37:43 | Build | Farm |
| 37:43 | Build | Farm |
| 37:45 | Build | Farm |
| 37:47 | Build | Farm |
| 37:51 | Build | Farm |
| 37:53 | Build | Farm |
| 38:24 | Research | Ballistics |
| 38:25 | Research | Chemistry |
| 38:45 | Create | Tarkan ×2 |
| 39:24 | Build | Farm |
| 39:42 | Create | Villager (Male) ×5 |
| 39:51 | Create | Villager (Male) ×5 |
| 40:02 | Build | Mining Camp |
| 40:16 | Create | Tarkan ×5 |
| 40:18 | Create | Tarkan ×4 |
Match timeline
| 1:12 | LocalFukBoy · first_building Dock |
| 1:24 | EDD · first_building Dock |
| 3:00 | AnArKy · first_building Dock |
| 5:02 | Reeaal Badman · first_building Dock |
| 9:01 | mmustafaozturkk34 · first_building Barracks |
| 12:23 | PsyQuart · wall_segment Palisade Wall x11 |
| 13:00 | PsyQuart · first_building Barracks |
| 13:58 | PsyQuart · wall_segment Palisade Wall x5 |
| 13:58 | EDD · first_building Barracks |
| 14:31 | EDD · age_up feudal |
| 14:35 | Reeaal Badman · age_up feudal |
| 15:01 | PsyQuart · age_up feudal |
| 15:09 | LocalFukBoy · wall_segment Palisade Wall x5 |
| 15:15 | mmustafaozturkk34 · age_up feudal |
| 15:27 | LocalFukBoy · wall_segment Palisade Wall x8 |
| 15:37 | LocalFukBoy · wall_segment Palisade Wall x8 |
| 15:39 | AnArKy · age_up feudal |
| 15:51 | LocalFukBoy · wall_segment Palisade Wall x15 |
| 15:56 | LocalFukBoy · wall_segment Palisade Wall x8 |
| 15:57 | PsyQuart · wall_segment Palisade Wall x1 |
| 15:59 | PsyQuart · wall_segment Palisade Wall x7 |
| 16:03 | mmustafaozturkk34 · first_building Stable |
| 16:22 | LocalFukBoy · age_up feudal |
| 16:49 | PsyQuart · first_building Stable |
| 17:03 | PsyQuart · wall_segment Palisade Wall x1 |
| 17:21 | LocalFukBoy · wall_segment Palisade Wall x1 |
| 18:27 | AnArKy · first_market_sell 100 food |
| 18:32 | Reeaal Badman · first_building Barracks |
| 20:05 | PsyQuart · age_up castle |
| 21:29 | LocalFukBoy · wall_segment Palisade Wall x1 |
| 21:47 | AnArKy · age_up castle |
| 23:05 | PsyQuart · first_building Archery Range |
| 23:13 | AnArKy · first_building Barracks |
| 23:19 | PsyQuart · first_building Castle |
| 23:29 | LocalFukBoy · first_building Siege Workshop |
| 23:55 | AnArKy · first_building Stable |
| 24:21 | Reeaal Badman · first_building Stable |
| 24:28 | LocalFukBoy · age_up castle |
| 24:59 | Reeaal Badman · wall_segment Stone Wall x1 |
| 25:43 | Reeaal Badman · wall_segment Stone Wall x1 |
| 25:46 | LocalFukBoy · first_building Barracks |
| 26:13 | AnArKy · first_building Castle |
| 26:21 | EDD · age_up castle |
| 26:23 | LocalFukBoy · first_building Castle |
| 26:42 | Reeaal Badman · wall_segment Stone Wall x14 |
| 26:51 | Reeaal Badman · wall_segment Stone Wall x1 |
| 27:08 | Reeaal Badman · wall_segment Stone Wall x12 |
| 27:16 | EDD · first_building Siege Workshop |
| 27:39 | mmustafaozturkk34 · age_up castle |
| 28:10 | Reeaal Badman · age_up castle |
| 28:11 | AnArKy · first_building Archery Range |
| 28:16 | LocalFukBoy · first_market_sell 100 food |
| 28:39 | Reeaal Badman · first_building Castle |
| 29:16 | LocalFukBoy · first_market_buy 100 stone |
| 29:18 | AnArKy · first_market_buy 100 stone |
| 30:11 | mmustafaozturkk34 · first_building Castle |
| 30:13 | Reeaal Badman · first_building Siege Workshop |
| 31:19 | EDD · first_building Archery Range |
| 32:28 | AnArKy · wall_segment Stone Wall x3 |
| 32:50 | EDD · first_building Castle |
| 35:21 | AnArKy · first_building Siege Workshop |
| 37:00 | mmustafaozturkk34 · age_up imperial |
| 40:09 | LocalFukBoy · first_building Stable |
| 40:25 | LocalFukBoy · resign |
| 44:16 | Reeaal Badman · age_up imperial |
| 44:37 | EDD · first_market_buy 100 stone |
[ AI ANALYSIS · 1 CREDIT ]
What really happened in this match?
Wolo.gg analyzes every decision: build order, eco, micro, common mistakes by bracket. Personalized analysis on WhatsApp or Discord in 30 seconds.
Civ guide
Bulgarians
Perfil
Jugador #274496